 Dungeon Crawl Stone Soup version 0.22.0-75-g3901e7991e (webtiles) character file.

442125 Kreyzy the Warrior (level 23, -2/352 HPs)
             Began as a Demonspawn Gladiator on Sept 12, 2018.
             Was the Champion of Ashenzari.
             Slain by a yaktaur captain (15 damage)
             ... on level 4 of the Vaults.
             The game lasted 02:51:40 (56298 turns).

Kreyzy the Warrior (Demonspawn Gladiator)          Turns: 56298, Time: 02:51:41

Health: -2/352     AC: 26    Str: 21    XL:     23   Next: 4%
Magic:  35/35      EV:  9    Int: 17    God:    Ashenzari [******]
Gold:   1486       SH: 20    Dex: 22    Spells: 15/22 levels left

rFire    + . .     SeeInvis +   d - +9 rapier (elec) (curse)
rCold    + . .     Gourm    .   q - +5 shield {reflect} (curse)
rNeg     . . .     Faith    .   N - +7 shadow dragon scales "Ugippodi" {Regen+ Int+6 Stlth++++} (curse)
rPois    +         Spirit   .   (helmet unavailable)
rElec    +         Reflect  +   b - scarf {rC+ rF+} (curse)
rCorr    .         Harm     .   (gloves unavailable)
MR       ++++.     Clarity  +   (boots unavailable)
Stlth    ..........             V - necklace of Bloodlust {*Rage +Rage MR++ Int-3 Slay+6 *Curse} (curse)
HPRegen  1.08/turn              H - ring of Xorueriff {rElec Str-5 Int+4 Dex+4}
MPRegen  0.24/turn              Y - ring "Vecyelao" {rPois MR+} (curse)

@: berserking (expiring), very quick
A: claws 3, horns 3, talons 3, foul stench 2, robust 2, spiny 3, rot immunity
}: 2/15 runes: decaying, serpentine
a: Curse Item, Scrying, Transfer Knowledge, Renounce Religion, Evoke Berserk
Rage


You were on level 4 of the Vaults.
You worshipped Ashenzari.
Ashenzari was exalted by your worship.
You were very hungry.

You visited 8 branches of the dungeon, and saw 40 of its levels.
You visited 2 bazaars.
You also visited: Labyrinth, Trove, Ossuary, Bailey and Desolation.

You collected 4936 gold pieces.
You spent 3450 gold pieces at shops.

Inventory:

Hand Weapons
 d - a cursed +9 rapier of electrocution (weapon)
Armour
 b - a cursed scarf of resistance (worn)
 q - a cursed +5 shield of reflection (worn)
 N - the cursed +7 shadow dragon scales "Ugippodi" (worn) {Regen+ Int+6 Stlth++++}
   (You found it on level 3 of the Elven Halls)

   It affects your intelligence (+6).
   It increases your rate of regeneration.
   It makes you much more stealthy.
   It has a curse placed upon it.
Jewellery
 n - the ring "Laott" {*Corrode +Inv rF++ rC+ Str+2}
   (You took it off a deep elf elementalist on level 3 of the Elven Halls)

   [ring of protection from cold]

   It affects your strength (+2).
   It greatly protects you from fire.
   It protects you from cold.
   It lets you turn invisible.
   It may corrode you when you take damage.
 H - the ring of Xorueriff (left claw) {rElec Str-5 Int+4 Dex+4}
   (You took it off a deep elf annihilator on level 3 of the Elven Halls)

   [ring of dexterity]

   It affects your strength (-5).
   It affects your intelligence (+4).
   It affects your dexterity (+4).
   It insulates you from electricity.
 V - the cursed necklace of Bloodlust (around neck) {*Rage +Rage MR++ Int-3 Slay+6 *Curse}
   (You bought it in a shop on level 1 of the Elven Halls)

   [amulet of rage]

   It affects your intelligence (-3).
   It affects your accuracy and damage with ranged weapons and melee attacks
   (+6).
   It affects your resistance to hostile enchantments.
   It lets you go berserk.
   It may make you go berserk in combat.
   It curses itself when equipped.
   It has a curse placed upon it.
 Y - the cursed ring "Vecyelao" (right claw) {rPois MR+}
   (You bought it in a shop on level 1 of the Elven Halls)

   [ring of poison resistance]

   It protects you from poison.
   It affects your resistance to hostile enchantments.
   It has a curse placed upon it.
Wands
 a - a wand of flame (82)
 i - a wand of random effects (26)
 p - a wand of iceblast (21)
 u - a wand of polymorph (65)
 I - a wand of digging (62)
 M - a wand of enslavement (37)
 R - a wand of disintegration (27)
 T - a wand of paralysis (47)
 X - a wand of scattershot (8)
Scrolls
 e - 2 scrolls of summoning
 l - 21 scrolls of teleportation
 m - 2 scrolls of magic mapping
 o - 4 scrolls of enchant weapon
 t - a scroll of enchant armour
 y - 2 scrolls of brand weapon
 B - 3 scrolls of amnesia
 J - 2 scrolls of blinking
 O - 7 scrolls of fog
 Q - 11 scrolls of identify
 U - 7 scrolls of remove curse
 Z - 5 scrolls of fear
Potions
 c - 4 potions of heal wounds
 g - 4 potions of flight
 j - 10 potions of haste
 k - a potion of berserk rage {unknown}
 s - 2 potions of ambrosia
 v - 5 potions of lignification
 x - 3 potions of agility
 z - 8 potions of brilliance
 A - 14 potions of curing
 C - 3 potions of resistance
 E - 5 potions of cancellation
 G - 10 potions of mutation
 L - 3 potions of might
 P - 3 potions of invisibility
 S - 5 potions of magic
Miscellaneous
 w - a lightning rod (4/4)
 F - a phial of floods
 W - 2 phantom mirrors
Comestibles
 f - 51 rations


   Skills:
 - Level 20.1 Fighting
 - Level 10.9(15.1) Short Blades
 - Level 1.7 Throwing
 - Level 15.3(20.5) Armour
 + Level 18.1 Stealth
 - Level 12.6(15.3) Shields
 + Level 12.6(15.3) Necromancy
 - Level 17.6(20.0) Evocations


You had 15 spell levels left.
You knew the following spells:

 Your Spells              Type           Power        Failure   Level  Hunger
a - Animate Dead          Necr           N/A          1%          4    #####..
b - Regeneration          Chrm/Necr      ####......   11%         3    ####...

Your spell library contained the following spells:

 Spells                   Type           Power        Failure   Level  Hunger
 Corpse Rot               Necr           N/A          1%          2    ###....
 Sublimation of Blood     Necr           ######....   1%          2    ###....
 Vampiric Draining        Necr           ######....   1%          3    ####...
 Agony                    Necr           ######..     4%          5    ######.
 Dispel Undead            Necr           ######..     4%          5    ######.
 Death Channel            Necr           ######....   26%         6    #######
 Beastly Appendage        Tmut           #.....       58%         1    ##.....
 Confusing Touch          Hex            #.....       58%         1    ##.....
 Corona                   Hex            #......      58%         1    ##.....
 Flame Tongue             Conj/Fire      #....        58%         1    ##.....
 Infusion                 Chrm           #...         58%         1    ##.....
 Magic Dart               Conj           #...         58%         1    ##.....
 Shock                    Conj/Air       #...         58%         1    ##.....
 Sting                    Conj/Pois      #...         58%         1    ##.....
 Summon Small Mammal      Summ           #...         58%         1    ##.....
 Bolt of Draining         Conj/Necr      ####......   67%         5    ######.
 Borgnjor's Vile Clutch   Necr/Erth      ####......   67%         5    ######.
 Excruciating Wounds      Chrm/Necr      ####......   67%         5    ######.
 Call Imp                 Summ           #.......     73%         2    ###....
 Searing Ray              Conj           #.....       73%         2    ###....
 Poisonous Vapours        Pois/Air       #.....       75%         2    ###....
 Shroud of Golubria       Chrm/Tloc      #.........   75%         2    ###....
 Song of Slaying          Chrm           #.......     75%         2    ###....
 Sticks to Snakes         Tmut           #.......     75%         2    ###....
 Swiftness                Chrm/Air       #.......     75%         2    ###....
 Throw Flame              Conj/Fire      #.....       75%         2    ###....
 Call Canine Familiar     Summ           #.......     91%         3    ####...
 Confuse                  Hex            #.......     91%         3    ####...
 Dazzling Spray           Conj/Hex       #.....       91%         3    ####...
 Summon Guardian Golem    Hex/Summ       #.......     91%         3    ####...
 Conjure Flame            Conj/Fire      #.......     92%         3    ####...
 Gell's Gravitas          Tloc           #.........   92%         3    ####...
 Inner Flame              Hex/Fire       #.......     92%         3    ####...
 Mephitic Cloud           Conj/Pois/Air  #.......     92%         3    ####...
 Recall                   Summ/Tloc      N/A          92%         3    ####...
 Spectral Weapon          Hex/Chrm       #.......     92%         3    ####...
 Spider Form              Tmut/Pois      #.........   92%         3    ####...
 Static Discharge         Conj/Air       #.......     92%         3    ####...
 Stone Arrow              Conj/Erth      #.....       92%         3    ####...
 Simulacrum               Ice/Necr       ####......   99%         6    #######
 Airstrike                Air            #.........   100%        4    #####..
 Cause Fear               Hex            #.........   100%        4    #####..
 Force Lance              Conj/Tloc      #.......     100%        4    #####..
 Fulminant Prism          Conj/Hex       #.........   100%        4    #####..
 Ice Form                 Ice/Tmut       #.......     100%        4    #####..
 Iskenderun's Mystic Bla  Conj           #.......     100%        4    #####..
 Leda's Liquefaction      Hex/Erth       #.........   100%        4    #####..
 Olgreb's Toxic Radiance  Pois           #.......     100%        4    #####..
 Petrify                  Tmut/Erth      #.......     100%        4    #####..
 Sticky Flame             Conj/Fire      #.......     100%        4    #####..
 Summon Ice Beast         Ice/Summ       #.......     100%        4    #####..
 Summon Lightning Spire   Summ/Air       #.......     100%        4    #####..
 Blade Hands              Tmut           #.........   100%        5    ######.
 Bolt of Magma            Conj/Fire/Erth #.........   100%        5    ######.
 Fireball                 Conj/Fire      #.........   100%        5    ######.
 Iskenderun's Battlesphe  Conj/Chrm      #.......     100%        5    ######.
 Lightning Bolt           Conj/Air       #.........   100%        5    ######.
 Metabolic Englaciation   Hex/Ice        #.........   100%        5    ######.
 Silence                  Hex/Air        #.........   100%        5    ######.
 Summon Forest            Summ/Tloc      #.........   100%        5    ######.
 Venom Bolt               Conj/Pois      #.........   100%        5    ######.
 Yara's Violent Unravell  Hex/Tmut       #.........   100%        5    ######.
 Bolt of Fire             Conj/Fire      #.........   100%        6    #######
 Conjure Ball Lightning   Conj/Air       #.........   100%        6    #######
 Deflect Missiles         Chrm/Air       #.........   100%        6    #######
 Hydra Form               Tmut           #.........   100%        6    #######
 Iron Shot                Conj/Erth      #.........   100%        6    #######
 Dragon Form              Tmut           #.........   100%        7    #######
 Orb of Destruction       Conj           #.........   100%        7    #######
 Spellforged Servitor     Conj/Summ      #.........   100%        7    #######
 Summon Hydra             Summ           #.........   100%        7    #######
 Dragon's Call            Summ           #.........   100%        9    #######
 Tornado                  Air            #.........   100%        9    #######


Dungeon Overview and Level Annotations

Branches:
Dungeon (15/15)            Temple (1/1) D:7            Lair (6/6) D:9
  Swamp (4/4) Lair:2        Snake (4/4) Lair:2        Slime (0/5) Lair:5
    Orc (2/2) D:9             Elf (3/3) Orc:2        Vaults (5/5) D:14
  Crypt (0/3) Vaults:2     Depths (0/5) D:15

Altars:
Ashenzari
Cheibriados
Dithmenos
Elyvilon
Fedhas
Gozag
Hepliaklqana
Kikubaaqudgha
Makhleb
Nemelex Xobeh
Okawaru
Qazlal
Ru
Sif Muna
Trog
Uskayaw
Vehumet
Wu Jian
Xom
Yredelemnul
Zin
The Shining One
Beogh
Jiyva

Shops:
D:5 %   D:12 *   Orc:2 !*((([}}   Elf:1 =}=   Snake:2 }   Vaults:1 [
Vaults:4 *

Annotations:
Lair:2 Hyotieqe's ghost, adept MiFi
Swamp:2 exclusion: Roxanne, Roxanne


Innate Abilities, Weirdness & Mutations

You have claws for hands.
You have a pair of large horns on your head.
You have claws for feet.
You frequently emit foul miasma when damaged in melee.
You are very robust. (+20% HP)
You are completely covered in sharp spines.
You are immune to rotting.


Message History

The small abomination is severely damaged.
You impale the small abomination!!
The necklace of Bloodlust glows a violent red.
You destroy the small abomination!
You impale the fire giant!!
Lightning courses through the fire giant!
The fire giant is almost dead.
You block the swamp worm's attack. You block the yaktaur captain's attack.
You puncture the fire giant!
The necklace of Bloodlust glows a violent red.
You kill the fire giant!
You closely miss the swamp worm. You claw the swamp worm.
You headbutt the swamp worm!
The swamp worm is moderately wounded.
You hit the stone giant.
Lightning courses through the stone giant!
You claw the stone giant! You headbutt the stone giant.
The stone giant is severely wounded.
The swamp worm changes into a hydra!
The yaktaur captain hits you!
You die...

..# ### ###### '###### ##.##
##....# ...>..######## #...#
##....## ......#......# #...#
##....## ## ......#......###...##
#......###.
......#......##.#.#.###....<..#..
......#......#...#...##..#..[....
......#......'.)x#.))##.###.=....
......#......#DC@#...#### ##..<.#
......#......##c#.#.## ##....##
......'......###...## #....##
......#......# #...# ######
#######......# #...# #######
#########'#'## ##.## #......
............# ### #......
.........^..# #......
............# #......


You could see a stone giant, a yaktaur captain, an eight-headed hydra shaped
shifter and a crawling corpse.

Vanquished Creatures
  Sojobo (Vaults:3)
  Nikola (Elf:2)
  Rupert (Lair:3)
  A lich (Vaults:1)
  The ghost of lis82 the Slayer, an adept MiFi of Okawaru (Elf:3)
  A tentacled monstrosity (Vaults:4)
  2 deep elf blademasters
  A quicksilver dragon (Vaults:4)
  A titan (Vaults:4)
  Frances (Elf:1)
  A deep elf master archer (Elf:3)
  2 thorn hunters
  2 sphinxes
  Kirke (Lair:4)
  Agnes (Snake:1)
  2 shadow dragons (Vaults:4)
  7 nagarajas
  2 storm dragons
  4 tengu reavers
  2 frost giants
  4 fire giants
  The ghost of Guboq the Geomancer, an adept GrEE of Vehumet (Snake:3)
  12 vault wardens
  An imperial myrmidon (Elf:1)
  An orc warlord (Orc:2)
  11 deep elf sorcerers
  Louise (Elf:2)
  An iron dragon (Vaults:5)
  8 deep elf elementalists
  8 stone giants
  15 ironheart preservers
  The ghost of Morbidden the Thaumaturge, a journeyman DsIE of Vehumet (D:15)
  3 very ugly things
  Nessos (Lair:4)
  3 deep elf demonologists
  9 deep elf annihilators
  A minotaur (Lab)
  The ghost of Waew the Bludgeoner, a journeyman MiFi of Trog (Lair:3)
  5 ettins
  6 deep elf death magi
  Josephine (Lair:6)
  3 crystal guardians
  2 fire dragons
  8 yaktaur captains
  A great orb of eyes (Vaults:3)
  The ghost of Riddle the Bewitcher, a journeyman FeEn of Dithmenos (Snake:2)
  4 ice dragons
  A servant of whispers (Elf:1)
  27 vault guards
  6 deep elf high priests
  A ragged hierophant (Desolation)
  Erolcha (D:9)
  Harold (D:8)
  28 hydras
  12 centaur warriors
  2 rakshasas (Vaults:3)
  13 anacondas
  2 death knights (Vaults:4)
  23 naga warriors
  17 alligators
  4 catoblepae
  28 dancing weapons
  4 ghost crabs
  10 ogre magi
  2 tengu warriors (D:14)
  24 two-headed ogres
  Urug (Lair:1)
  A deep troll shaman (Vaults:2)
  4 death yaks (Lair:6)
  4 orc high priests
  10 shock serpents
  16 naga sharpshooters
  Nergalle (Lair:2)
  Sonja (Lair:3)
  26 deep elf knights
  A salamander mystic (Snake:2)
  8 skeletal warriors (D:15)
  A shadow wraith (Vaults:2)
  16 deep trolls
  A death drake (shapeshifter) (Vaults:1)
  A fire crab (D:15)
  3 wizards
  11 naga ritualists
  3 unseen horrors
  11 swamp dragons
  An obsidian statue (Vaults:1)
  3 spriggan druids
  2 flayed ghosts
  24 deep elf archers
  4 phantasmal warriors
  23 orc knights
  2 wolf spider zombies
  17 ironbrand convokers
  3 necromancers
  9 mana vipers
  3 harpies
  A frost giant zombie (Vaults:2)
  9 cyclopes
  A wolf spider (Vaults:3)
  19 ugly things
  9 orc sorcerers
  A shining eye (shapeshifter) (Vaults:3)
  10 salamanders
  67 deep elf magi
  A tengu skeleton (Vaults:2)
  A stone giant zombie (Vaults:2)
  5 manticores
  Maurice (Orc:2)
  An ice statue (Vaults:2)
  3 guardian serpents
  9 elephants (Lair:6)
  Joseph (D:8)
  34 black mambas
  A black mamba (shapeshifter) (Vaults:3)
  27 spiny frogs
  24 naga magi
  19 vault sentinels
  2 rime drakes
  2 gargoyles
  2 kobold demonologists (D:11)
  38 yaktaurs
  13 freezing wraiths
  2 small abominations
  An efreet (D:15)
  A torpor snail (Lair:6)
  12 komodo dragons
  A tengu conjurer (D:13)
  A queen bee (shapeshifter) (Vaults:4)
  11 trolls
  A jumping spider (shapeshifter) (Vaults:3)
  A merfolk (D:15)
  8 tyrant leeches
  34 slime creatures
  3 meliai (D:15)
  4 polar bears
  4 saltlings (Elf:1)
  6 hornets
  4 dream sheep (Lair:5)
  A blink frog (Lair:5)
  A stone giant simulacrum (Vaults:3)
  5 bog bodies
  12 hippogriffs
  2 large abominations (Elf:1)
  A fire giant simulacrum (Vaults:3)
  A redback (shapeshifter) (D:15)
  7 redbacks
  2 shadows
  10 wraiths
  A wyvern (D:12)
  2 vampires
  3 spriggans (Swamp:1)
  3 air elementals
  An orc simulacrum (Vaults:2)
  A human (shapeshifter) (Vaults:1)
  2 water elementals (Elf:1)
  9 basilisks
  4 fire elementals
  A human (D:7)
  A golden eye (shapeshifter) (Vaults:1)
  83 yaks
  9 vampire mosquitoes
  7 hogs
  A steam dragon (D:13)
  5 hungry ghosts
  A yaktaur simulacrum (Vaults:2)
  5 insubstantial wisps (Swamp:4)
  13 water moccasins
  21 swamp worms
  10 wargs
  49 nagas
  4 acid dragons
  3 hell hounds (Orc:2)
  9 porcupines
  A floating eye (shapeshifter) (D:14)
  14 swamp drakes
  An eye of draining (shapeshifter) (Elf:2)
  53 orc warriors
  A phantom (D:10)
  2 black bears
  7 ice beasts
  An eye of draining (D:15)
  7 sky beasts
  29 ogres
  8 boggarts
  18 centaurs
  4 wolves (Lair:5)
  11 crocodiles
  2 big kobolds
  3 elf zombies (Elf:1)
  20 bullfrogs
  6 earth elementals
  2 wyvern zombies
  2 gnoll sergeants
  A wyvern skeleton (D:11)
  7 scorpions
  A human simulacrum (Vaults:2)
  20 wights
  3 electric eels
  6 howler monkeys
  5 crimson imps
  A bullfrog zombie (D:7)
  2 centaur zombies
  A quasit (D:7)
  6 hounds
  34 orc wizards
  28 orc priests
  3 bullfrog skeletons
  6 gnoll shamans
  6 jellies
  5 iguanas
  6 centaur skeletons
  14 worker ants
  2 killer bee zombies
  A hound skeleton (D:9)
  A mummy (Ossuary)
  2 worker ant zombies
  34 gnolls
  8 adders
  2 shadow imps (D:15)
  2 oozes
  An adder zombie (D:8)
  3 adder skeletons
  A worm (D:2)
  A dart slug (D:2)
  4 leopard geckos
  103 orcs
  5 bats
  A bat zombie (D:3)
  4 giant cockroaches
  19 goblins
  5 hobgoblins
  28 jackals
  18 kobolds
  4 quokkas
  2 ball pythons
  3 frilled lizards
  6 gnoll skeletons (Ossuary)
  8 kobold skeletons (Ossuary)
  11 orc skeletons (Ossuary)
  6 rats
  2 rat zombies (D:3)
  A spectral orc (D:9)
  A plant (Lair:6)
1886 creatures vanquished.

Vanquished Creatures (collateral kills)
  A stone giant (Orc:2)
  A deep elf annihilator (Elf:3)
2 creatures vanquished.

Vanquished Creatures (others)
  A tengu reaver (Vaults:5)
  Azrael (Orc:2)
  A vault guard (Vaults:5)
  A centaur warrior (Vaults:3)
  An alligator (Swamp:3)
  A naga sharpshooter (Snake:1)
  A spriggan druid (Swamp:4)
  A deep elf archer (Vaults:2)
  A deep elf mage (Vaults:2)
  3 yaktaurs
  A hornet (Swamp:1)
  2 humans (Lair:4)
  A boggart (D:15)
  3 centaurs
  An orc (Vaults:1)
  5 fungi
  9 plants
34 creatures vanquished.

Grand Total: 1922 creatures vanquished

Notes
Turn   | Place    | Note
-------+----------+-------------------------------------------
     0 | D:1      | Kreyzy the Demonspawn Gladiator began the quest for the
                  | Orb.
     0 | D:1      | Reached XP level 1. HP: 16/16 MP: 1/1
   334 | D:1      | Gained mutation: You are partially covered in sharp spines.
                  | [demonic ancestry]
   334 | D:1      | Reached XP level 2. HP: 20/22 MP: 2/2
   650 | D:1      | Reached skill level 1 in Armour
   871 | D:2      | Reached XP level 3. HP: 27/28 MP: 3/3
  1580 | D:2      | Gained mutation: You are mostly covered in sharp spines.
                  | [demonic ancestry]
  1580 | D:2      | Reached XP level 4. HP: 34/34 MP: 4/4
  1971 | D:3      | Reached skill level 3 in Fighting
  2232 | D:3      | Gained mutation: You are immune to rotting. [demonic
                  | ancestry]
  2232 | D:3      | Reached XP level 5. HP: 40/41 MP: 5/5
  2925 | D:3      | Gained mutation: You have a pair of small horns on your
                  | head. [demonic ancestry]
  2925 | D:3      | Reached XP level 6. HP: 39/47 MP: 6/6
  3301 | D:3      | Reached skill level 4 in Fighting
  3314 | D:3      | Gained mutation: You have sharp fingernails. [demonic
                  | ancestry]
  3314 | D:3      | Reached XP level 7. HP: 23/54 MP: 7/7
  3641 | D:3      | Found a radiant altar of Vehumet.
  3726 | D:3      | Found a deep blue altar of Sif Muna.
  3807 | D:3      | Found an ancient bone altar of Kikubaaqudgha.
  4138 | D:4      | Found a sand-covered staircase.
  4143 | Ossuary  | Entered an ossuary
  4143 | Ossuary  | Noticed a wraith
  4143 | Ossuary  | Noticed a wraith
  4143 | Ossuary  | Noticed a wraith
  4216 | Ossuary  | Noticed a wraith
  4329 | Ossuary  | Killed a wraith
  4611 | D:4      | Reached skill level 5 in Fighting
  4611 | D:4      | Reached skill level 5 in Staves
  4611 | D:4      | Reached skill level 5 in Dodging
  4611 | D:4      | Gained mutation: You have sharp toenails. [demonic
                  | ancestry]
  4611 | D:4      | Reached XP level 8. HP: 56/62 MP: 8/8
  4622 | D:4      | Got an encrusted short sword {venom}
  4624 | D:4      | Identified the cursed +1 short sword of Niqim {venom, rPois
                  | SInv} (You took it off an orc wizard on level 4 of the
                  | Dungeon)
  5009 | D:5      | Entered Level 5 of the Dungeon
  5021 | D:5      | Reached skill level 1 in Short Blades
  5756 | D:5      | Found Pymmev's Food Shop.
  5767 | D:5      | Reached skill level 6 in Fighting
  5768 | D:5      | Reached skill level 5 in Armour
  6424 | D:6      | Reached skill level 1 in Shields
  7087 | D:6      | Gained mutation: You have very sharp fingernails. [demonic
                  | ancestry]
  7087 | D:6      | Reached XP level 9. HP: 71/71 MP: 9/9
  7399 | D:7      | Found a staircase to the Ecumenical Temple.
  7408 | Temple   | Entered the Ecumenical Temple
  7600 | Temple   | Became a worshipper of Ashenzari the Shackled
  7823 | D:7      | Reached skill level 7 in Fighting
  7991 | D:7      | Found an iron altar of Okawaru.
  7993 | D:7      | Found a shimmering altar of Xom.
  7994 | D:7      | Found a bloodstained altar of Trog.
  8047 | D:7      | Noticed a troll
  8060 | D:7      | Killed a troll
  8605 | D:8      | Reached skill level 5 in Short Blades
  8628 | D:8      | Found a snail-covered altar of Cheibriados.
  8635 | D:8      | Reached XP level 10. HP: 71/80 MP: 10/10
  8820 | D:8      | Reached * piety under Ashenzari
  9284 | D:8      | Found a stormy altar of Qazlal.
  9336 | D:8      | Noticed Harold
  9365 | D:8      | Killed Harold
  9365 | D:8      | Reached skill level 8 in Fighting
  9518 | D:8      | Noticed Joseph
  9530 | D:8      | Killed Joseph
  9530 | D:8      | Reached skill level 5 in Shields
  9641 | D:9      | Noticed Erolcha
  9714 | D:9      | Found a hide-covered altar of Uskayaw.
  9853 | D:9      | Found a flagged portal.
  9863 | Bailey   | Entered a bailey
  9946 | Bailey   | Noticed an orc knight
  9992 | Bailey   | Killed an orc knight
 10062 | Bailey   | Got the uncursed ring mail of the Stars {*Contam rPois MR+
                  | Regen+}
 10074 | Bailey   | Got the uncursed leather armour of the Onion {rN+ Dex+4}
 10126 | D:9      | Identified the +5 ring mail of the Stars {*Contam rPois MR+
                  | Regen+} (You found it in a bailey)
 10245 | D:9      | Found a staircase to the Orcish Mines.
 10284 | D:9      | Found a staircase to the Lair.
 10338 | D:9      | Killed Erolcha
 10338 | D:9      | Reached skill level 9 in Fighting
 10338 | D:9      | Gained mutation: You have razor-sharp toenails. [demonic
                  | ancestry]
 10338 | D:9      | Reached XP level 11. HP: 83/89 MP: 11/11
 10429 | D:9      | Found a basalt altar of Yredelemnul.
 10475 | D:9      | Found an opulent altar of Gozag.
 10615 | D:9      | Found a roughly hewn altar of Beogh.
 10797 | Lair:1   | Entered Level 1 of the Lair of Beasts
 10928 | Lair:1   | Reached ** piety under Ashenzari
 11254 | Lair:1   | Noticed a six-headed hydra
 11283 | Lair:1   | Killed a six-headed hydra
 11310 | Lair:1   | Noticed Urug
 11328 | Lair:1   | Killed Urug
 11533 | Lair:1   | Reached skill level 10 in Fighting
 11605 | Lair:1   | Noticed a six-headed hydra
 11613 | Lair:1   | Killed a six-headed hydra
 12057 | Lair:2   | Gained mutation: You may emit foul miasma when damaged in
                  | melee. [demonic ancestry]
 12057 | Lair:2   | Reached XP level 12. HP: 47/97 MP: 12/12
 12134 | Lair:2   | Found a staircase to the Swamp.
 12422 | Lair:2   | Noticed Nergalle
 12445 | Lair:2   | Killed Nergalle
 12517 | Lair:2   | Found a staircase to the Snake Pit.
 12948 | Lair:3   | Noticed Sonja
 13134 | Lair:3   | Noticed an eight-headed hydra
 13143 | Lair:3   | Reached *** piety under Ashenzari
 13199 | Lair:3   | Identified the +3 leather armour of the Onion {rN+ Dex+4}
                  | (You found it in a bailey)
 13209 | Lair:3   | Found a runed gate.
 13209 | Lair:3   | Found a runed gate.
 13252 | Lair:3   | Noticed Rupert
 13284 | Lair:3   | Killed Rupert
 13353 | Lair:3   | Killed an eight-headed hydra
 13430 | Lair:3   | Reached skill level 11 in Fighting
 13597 | Lair:3   | Noticed an eight-headed hydra
 13599 | Lair:3   | Noticed Waew's ghost (journeyman MiFi)
 13633 | Lair:3   | Found a runed gate.
 13645 | Lair:3   | Reached skill level 10 in Armour
 13678 | Lair:3   | Killed Sonja
 14620 | Lair:4   | Noticed Kirke
 14637 | Lair:4   | Noticed a five-headed hydra
 14656 | Lair:4   | Killed Kirke
 14656 | Lair:4   | Reached skill level 1 in Evocations
 14690 | Lair:4   | Killed a five-headed hydra
 14706 | Lair:4   | Noticed Nessos
 14728 | Lair:4   | Killed Nessos
 14728 | Lair:4   | Gained mutation: You are completely covered in sharp
                  | spines. [demonic ancestry]
 14728 | Lair:4   | Reached XP level 13. HP: 63/106 MP: 15/15
 15063 | Lair:4   | Reached **** piety under Ashenzari
 15462 | Lair:5   | Found a staircase to the Slime Pits.
 15462 | Lair:5   | Found a viscous altar of Jiyva.
 15563 | Lair:5   | Reached skill level 12 in Fighting
 15577 | Lair:5   | Found a runed gate.
 15580 | Lair:5   | Noticed Hyotieqe's ghost (adept MiFi)
 15586 | Lair:5   | Found a runed gate.
 15586 | Lair:5   | Found a runed gate.
 16173 | Lair:6   | Entered Level 6 of the Lair of Beasts
 16197 | Lair:6   | Reached skill level 5 in Evocations
 16238 | Lair:5   | Reached skill level 10 in Shields
 16319 | Lair:6   | Noticed Josephine
 16577 | Lair:6   | Killed Josephine
 17156 | Lair:6   | Reached XP level 14. HP: 89/116 MP: 19/19
 17271 | Lair:6   | Reached skill level 13 in Fighting
 17608 | Lair:6   | Reached ***** piety under Ashenzari
 18217 | Orc:1    | Entered Level 1 of the Orcish Mines
 18764 | Orc:2    | Entered Level 2 of the Orcish Mines
 18781 | Orc:2    | Found Pinemn's Antique Weapon Shoppe.
 18824 | Orc:2    | Found a staircase to the Elven Halls.
 18840 | Orc:2    | Found Foqeohud's Gadget Emporium.
 18908 | Orc:2    | Noticed Azrael
 18964 | Orc:2    | Noticed Maurice
 19066 | Orc:2    | Found a roughly hewn altar of Beogh.
 19066 | Orc:2    | Found Dum Seitaohi's General Store.
 19066 | Orc:2    | Noticed an orc warlord
 19067 | Orc:2    | Found Bafac's Distillery.
 19180 | Orc:1    | Reduced skill Staves to level 1
 19407 | Orc:2    | Reached skill level 10 in Evocations
 19671 | Orc:2    | Killed an orc warlord
 19772 | Orc:2    | Killed Maurice
 19847 | Orc:2    | Found Weif's Antique Armour Boutique.
 19917 | Orc:2    | Found Tuzal's Antique Weapon Shoppe.
 19966 | Orc:2    | Noticed a stone giant
 19980 | Orc:2    | Killed a stone giant
 19984 | Orc:2    | Your ally died
 20035 | Orc:2    | Found Elufriri's Gadget Shop.
 20085 | Orc:2    | Found Jioserch's Antique Weapon Boutique.
 20099 | Orc:2    | Found Otaesm's Book Boutique.
 20263 | Orc:2    | Bought a pair of transparent boots for 285 gold pieces
 20268 | Orc:2    | Identified the +2 pair of boots of the Tormentor {rPois
                  | Dex+6} (You bought it in a shop on level 2 of the Orcish
                  | Mines)
 20400 | Swamp:1  | Entered Level 1 of the Swamp
 21458 | Lair:3   | Killed Waew's ghost
 21594 | Swamp:1  | Reached skill level 14 in Fighting
 21932 | Swamp:1  | Noticed a thorn hunter
 21949 | Swamp:1  | Killed a thorn hunter
 21949 | Swamp:1  | Gained mutation: You have claws for feet. [demonic
                  | ancestry]
 21949 | Swamp:1  | Reached XP level 15. HP: 124/126 MP: 22/22
 23782 | Swamp:2  | Noticed Roxanne
 25556 | Swamp:4  | Entered Level 4 of the Swamp
 26122 | Swamp:4  | Noticed a thorn hunter
 26367 | Swamp:3  | Reached skill level 15 in Fighting
 26665 | Swamp:4  | Killed a thorn hunter
 26715 | Swamp:4  | Gained mutation: You have claws for hands. [demonic
                  | ancestry]
 26715 | Swamp:4  | Reached XP level 16. HP: 95/136 MP: 23/23
 27423 | Swamp:4  | Reduced skill Dodging to level 5
 27481 | Swamp:4  | Got a decaying rune of Zot
 27900 | Snake:1  | Entered Level 1 of the Snake Pit
 28309 | D:10     | Entered Level 10 of the Dungeon
 28648 | D:10     | Found a sparkling altar of Nemelex Xobeh.
 29749 | D:11     | Found a glowing golden altar of the Shining One.
 29771 | D:11     | Found a white marble altar of Elyvilon.
 29792 | D:11     | Reached skill level 10 in Short Blades
 30873 | D:12     | Reached ****** piety under Ashenzari
 30874 | D:12     | Found Uruw's General Store.
 30885 | D:12     | Bought a scroll of teleportation for 42 gold pieces
 31355 | D:13     | Found a labyrinth entrance.
 31362 | Lab      | Entered a labyrinth
 32050 | Lab      | Identified the ring of Pief {Wiz rC+ Dex+3 Slay-2}
 32070 | Lab      | Got the longbow "Veimpa" {venom, rPois Str+3 Int+2}
 32776 | D:13     | Found a portal to a secret trove of treasure.
 32935 | D:14     | Found a shattered altar of Ashenzari.
 32998 | D:14     | Found a gate to the Vaults.
 33013 | D:14     | Reached skill level 16 in Fighting
 33673 | D:14     | Paralysed by a floating eye for 2 turns
 33914 | D:15     | Entered Level 15 of the Dungeon
 34057 | D:15     | Gained mutation: You frequently emit foul miasma when
                  | damaged in melee. [demonic ancestry]
 34057 | D:15     | Reached XP level 17. HP: 103/144 MP: 25/25
 34270 | D:15     | Reached skill level 1 in Stealth
 34694 | D:15     | Found a runed gate.
 34694 | D:15     | Found a runed gate.
 34694 | D:15     | Found a runed gate.
 34695 | D:15     | Noticed Morbidden's ghost (journeyman DsIE)
 34748 | D:15     | Killed Morbidden's ghost
 34868 | D:15     | Identified the +10 longbow "Veimpa" {venom, rPois Str+3
                  | Int+2} (You found it in a labyrinth)
 34953 | D:15     | Found a staircase to the Depths.
 35068 | D:15     | Identified the +0 plate armour "Zosopluss" {rElec Dex-5
                  | Stlth+}
 35253 | D:13     | Identified the +10 longbow "Veimpa" {venom, rPois Str+3
                  | Int+2} (You found it in a labyrinth)
 35371 | Elf:1    | Entered Level 1 of the Elven Halls
 35372 | Elf:1    | Noticed Frances
 35484 | Elf:1    | Killed Frances
 35676 | Elf:1    | Found a ruined gateway.
 35698 | Desolati | Entered the Desolation of Salt
 35748 | Elf:1    | Reached skill level 5 in Stealth
 36219 | Elf:1    | Identified the Reference Book on Black Magic
 36402 | Elf:1    | Reached skill level 17 in Fighting
 36546 | Elf:1    | Found Huif's Gadget Emporium.
 36547 | Elf:1    | Found Jabbo's Jewellery Shop.
 36547 | Elf:1    | Found Ygorche's Jewellery Shop.
 36557 | Elf:1    | Bought the ring "Vecyelao" {rPois MR+} for 489 gold pieces
 36564 | Elf:1    | Bought the cursed necklace of Bloodlust {*Rage +Rage MR++
                  | Int-3 Slay+6 *Curse} for 1107 gold pieces
 36564 | Elf:1    | Found the cursed necklace of Bloodlust {*Rage +Rage MR++
                  | Int-3 Slay+6 *Curse}
 37062 | Elf:2    | Noticed Louise
 37083 | Elf:2    | Reduced skill Dodging to level 1
 37090 | Elf:2    | Killed Louise
 37251 | Elf:2    | Found a runed gate.
 37251 | Elf:2    | Found a runed gate.
 37254 | Elf:2    | Found a runed gate.
 37612 | Elf:2    | Reached XP level 18. HP: 130/155 MP: 27/27
 38982 | Elf:2    | Noticed Nikola
 39004 | Elf:2    | Killed Nikola
 39244 | Elf:3    | Entered Level 3 of the Elven Halls
 39266 | Elf:3    | Reached skill level 10 in Stealth
 39433 | Elf:3    | Found a runed gate.
 39434 | Elf:3    | Found a runed gate.
 39435 | Elf:3    | Found a runed gate.
 39437 | Elf:3    | Noticed lis82's ghost (adept MiFi)
 39985 | Elf:3    | Reached skill level 15 in Armour
 40324 | Elf:3    | Identified the +4 short sword of Infinity {protect, rPois
                  | Str-4 Int+2} (You took it off a deep elf sorcerer on level
                  | 3 of the Elven Halls)
 40324 | Elf:3    | Reached skill level 18 in Fighting
 41226 | Elf:3    | Killed lis82's ghost
 41483 | Elf:3    | Got the uncursed shadow dragon scales "Ugippodi" {Regen+
                  | Int+6 Stlth++++}
 41658 | Elf:3    | Identified the +7 shadow dragon scales "Ugippodi" {Regen+
                  | Int+6 Stlth++++} (You found it on level 3 of the Elven
                  | Halls)
 42024 | Elf:3    | Identified the ring of Xorueriff {rElec Str-5 Int+4 Dex+4}
                  | (You took it off a deep elf annihilator on level 3 of the
                  | Elven Halls)
 42066 | Elf:3    | Identified the amulet of the Real Monster {Reflect Int+3
                  | SH+4} (You took it off a deep elf annihilator on level 3 of
                  | the Elven Halls)
 42066 | Elf:3    | Gained mutation: You have a pair of horns on your head.
                  | [demonic ancestry]
 42066 | Elf:3    | Reached XP level 19. HP: 115/164 MP: 28/28
 42089 | Elf:3    | Identified the ring "Laott" {*Corrode +Inv rF++ rC+ Str+2}
                  | (You took it off a deep elf elementalist on level 3 of the
                  | Elven Halls)
 42135 | Elf:3    | Noticed a Brimstone Fiend
 42332 | Elf:3    | Identified the +4 morningstar of the Nine Ships {flame,
                  | Stlth+} (You took it off a deep elf sorcerer on level 3 of
                  | the Elven Halls)
 42348 | Elf:3    | Identified the +11 shortbow "Onweal Gypn" {flame, +Blink
                  | Str+3 SInv} (You took it off an orc on level 3 of the Elven
                  | Halls)
 42417 | Elf:3    | Identified the +8 mace of Equivalence {elec, Fragile rPois
                  | Str+2 Int+2} (You took it off a deep elf sorcerer on level
                  | 3 of the Elven Halls)
 42577 | Elf:3    | Identified the +8 giant spiked club "Geikif" {crush, Str+10
                  | Int-5 Stlth+}
 42581 | Elf:3    | Identified the Catalogue of Ensnaring Necromancy
 43258 | Snake:1  | Noticed Agnes
 43265 | Snake:1  | Killed Agnes
 43761 | Snake:2  | Found a large runed door.
 43761 | Snake:2  | Found a large runed door.
 43764 | Snake:2  | Noticed Riddle's ghost (journeyman FeEn)
 43778 | Snake:2  | Killed Riddle's ghost
 43989 | Snake:2  | Found a flickering gateway to a bazaar.
 44013 | Snake:2  | Found Gafy's Gadget Boutique.
 44119 | Snake:2  | Reached skill level 19 in Fighting
 44341 | Bazaar   | Entered a bazaar
 44347 | Bazaar   | Found Jafecu's Book Emporium.
 44347 | Bazaar   | Found Ycout's Jewellery Shoppe.
 44355 | Bazaar   | Identified the ring of Xigieh {*Tele rElec rC+ MR+++
                  | Slay-4}
 45507 | Snake:3  | Found a large runed door.
 45507 | Snake:3  | Found a large runed door.
 45513 | Snake:3  | Noticed Guboq's ghost (adept GrEE)
 45538 | Snake:3  | Killed Guboq's ghost
 46244 | Snake:4  | Entered Level 4 of the Snake Pit
 46406 | Snake:4  | Identified the +9 ring mail "Xasir" {rPois Int+3 Dex+4
                  | Slay-4}
 46422 | Snake:4  | Gained mutation: You have a pair of large horns on your
                  | head. [demonic ancestry]
 46422 | Snake:4  | Reached XP level 20. HP: 164/174 MP: 30/30
 47200 | Snake:4  | Got a serpentine rune of Zot
 47970 | Vaults:1 | Entered Level 1 of the Vaults
 48522 | Vaults:1 | Reached skill level 20 in Fighting
 48805 | Vaults:1 | Reached skill level 15 in Evocations
 49018 | Vaults:1 | Found Aci Tuod's Armour Boutique.
 49479 | Vaults:2 | Learned a level 3 spell: Regeneration
 49585 | Vaults:2 | Reached skill level 1 in Necromancy
 49616 | Vaults:2 | Reached skill level 15 in Stealth
 49637 | Vaults:2 | Reached XP level 21. HP: 183/183 MP: 32/32
 50080 | Vaults:2 | Found a gateway to a bazaar.
 50098 | Bazaar   | Entered a bazaar
 50100 | Bazaar   | Found Kapryf Sagit's Magic Scroll Boutique.
 50104 | Bazaar   | Found Uzxeusih's Antique Armour Boutique.
 50104 | Bazaar   | Found Ysouh's Jewellery Boutique.
 50105 | Bazaar   | Found Veapnouss's Jewellery Boutique.
 50134 | Bazaar   | Bought a scroll of brand weapon for 260 gold pieces
 50134 | Bazaar   | Bought a scroll of fog for 26 gold pieces
 50134 | Bazaar   | Bought a scroll of remove curse for 39 gold pieces
 50134 | Bazaar   | Bought a scroll of teleportation for 39 gold pieces
 50134 | Bazaar   | Bought a scroll of remove curse for 39 gold pieces
 50134 | Bazaar   | Bought a scroll of enchant weapon for 97 gold pieces
 50134 | Bazaar   | Bought a scroll of teleportation for 39 gold pieces
 50224 | Vaults:2 | Reached skill level 5 in Necromancy
 50357 | Vaults:2 | Found a staircase to the Crypt.
 50357 | Vaults:2 | Found an ancient bone altar of Kikubaaqudgha.
 50358 | Vaults:2 | Found a basalt altar of Yredelemnul.
 51512 | Vaults:3 | Noticed Sojobo
 51865 | Vaults:3 | Identified the +1 robe of the Gravedigger {rPois Int+2}
                  | (You took it off a yaktaur on level 3 of the Vaults)
 52249 | Vaults:3 | Killed Sojobo
 52581 | Vaults:3 | Gained mutation: You are robust. (+10% HP) [demonic
                  | ancestry]
 52581 | Vaults:3 | Reached XP level 22. HP: 173/209 MP: 34/34
 53734 | Vaults:4 | Learned a level 4 spell: Animate Dead
 53786 | Vaults:4 | Found Korystom's General Store.
 53795 | Vaults:4 | Bought a scroll of acquirement for 988 gold pieces
 54148 | Vaults:5 | Entered Level 5 of the Vaults
 54165 | Vaults:5 | Reached skill level 10 in Necromancy
 54226 | Vaults:4 | HP: 15/313 [vault guard/long sword (7)]
 54998 | D:13     | You paid a toll of +3 storm dragon scales to enter a
                  | treasure trove
 54999 | Trove    | Entered a treasure trove
 55015 | Trove    | Found the +3 salamander hide armour {+Rage rF++}
 55042 | Trove    | Identified the amulet of Ceolow {Gourm MR+}
 55042 | Trove    | Identified the ring "Wesataca" {+Inv rC- MR+ SInv}
 55042 | Trove    | Identified the amulet "Hiluen" {Spirit rC+ MR++ Stlth+}
 56277 | Vaults:5 | Gained mutation: You are very robust. (+20% HP) [demonic
                  | ancestry]
 56277 | Vaults:5 | Reached XP level 23. HP: 32/235 MP: 35/35
 56279 | Vaults:5 | HP: 11/352 [deep elf high priest/divine providence (12)]
 56298 | Vaults:4 | Slain by a yaktaur captain

Skill      XL: |  1  2  3  4  5  6  7  8  9 10 11 12 13 14 15 16 17 18 19 20 21 22 |
---------------+-------------------------------------------------------------------+-----
Staves         | 3 4 5 0 |  0.0
Dodging        | 3 4 5 7 4 0 |  0.0
Armour         | 1 2 3 4 5 6 7 9 10 11 13 14 15 | 15.3
Fighting       | 3 4 5 6 7 9 10 11 12 14 15 16 17 18 19 20 | 20.1
Short Blades   | 3 5 6 8 9 10 | 10.9
Shields        | 1 4 5 7 9 10 12 | 12.6
Evocations     | 2 6 10 11 12 13 15 16 17 | 17.6
Stealth        | 8 11 13 15 16 18 | 18.1
Necromancy     | 1 8 12 | 12.6
Throwing       | |  1.7

Action                   |  1- 3 |  4- 6 |  7- 9 | 10-12 | 13-15 | 16-18 | 19-21 | 22-24 || total
-------------------------+-------+-------+-------+-------+-------+-------+-------+-------++-------
Melee: Quarterstaff      |    98 |   153 |   125 |       |       |       |       |       ||   376
       Headbutt          |       |    14 |    81 |   189 |   654 |   515 |   440 |   125 ||  2018
       Short sword       |       |       |   240 |   682 |  2233 |  1774 |       |       ||  4929
       Kick              |       |       |   101 |   288 |   808 |   837 |   725 |   206 ||  2965
       Rapier            |       |       |       |       |       |   359 |  1600 |   393 ||  2352
Throw: Throwing net      |     1 |       |     1 |    16 |     4 |     2 |       |       ||    24
 Cast: Animate Dead      |       |       |       |       |       |       |       |     2 ||     2
Invok: Curse Item        |       |       |     4 |     1 |     1 |     4 |     1 |       ||    11
       Transfer Knowledg |       |       |       |       |     1 |     2 |       |       ||     3
       Scrying           |       |       |       |       |     1 |       |     2 |       ||     3
 Abil: Evoke Berserk Rag |       |       |       |       |       |     3 |    11 |     7 ||    21
Evoke: Wand              |       |       |       |    32 |    39 |     6 |     5 |       ||    82
       Lightning rod     |       |       |       |     4 |    17 |     8 |     4 |     3 ||    36
       Box of beasts     |       |       |       |     2 |       |       |       |       ||     2
       Phial of floods   |       |       |       |       |       |     1 |     2 |       ||     3
  Use: Scroll            |       |     5 |     7 |    12 |    13 |    14 |     3 |    12 ||    66
       Potion            |       |     1 |     1 |     3 |     6 |     2 |       |     5 ||    18
 Stab: Sleeping          |     2 |       |       |     1 |       |     1 |    68 |    14 ||    86
       Invisible         |       |       |       |     6 |     3 |       |       |       ||     9
       Held in net/web   |       |       |       |     7 |     2 |     4 |       |       ||    13
       Confused          |       |       |       |     1 |     1 |       |       |       ||     2
       Distracted        |       |       |       |       |       |       |     7 |       ||     7
  Eat: Chunk             |     2 |     5 |    13 |    18 |    25 |    26 |    26 |     8 ||   123
       Ration            |       |       |     2 |       |     5 |     8 |     5 |     3 ||    23
Armor: Leather armour    |    18 |    25 |    65 |       |       |       |       |       ||   108
       Ring mail         |       |    14 |       |    62 |   322 |   197 |       |       ||   595
       Troll leather arm |       |       |     3 |    23 |       |       |       |       ||    26
       Plate armour      |       |       |       |       |       |    80 |       |       ||    80
       Shadow dragon sca |       |       |       |       |       |     5 |   361 |   202 ||   568
Dodge: Dodged            |    45 |   117 |   201 |   237 |   566 |   493 |   142 |   101 ||  1902
Block: Shield            |       |       |    95 |   380 |  1200 |  1074 |   825 |   418 ||  3992
       Reflection        |       |       |       |       |       |       |   143 |    37 ||   180
